 Dungeon Crawl Stone Soup version 0.30-a0-457-g4b7bca3bfa (webtiles) character file.

Game seed: 16828598865021743935

106614 HoaS the Markskobold (level 16, -18/116 HPs)
             Began as a Kobold Hunter on Dec 13, 2022.
             Was the Champion of Makhleb.
             Demolished by Rupert
             ... wielding a +5 great sword of flaming
              (21 damage)
             ... on level 2 of the Orcish Mines.
             The game lasted 00:40:08 (19126 turns).

HoaS the Markskobold (Kobold Hunter)               Turns: 19126, Time: 00:40:09

Health: -18/116    AC: 18    Str:  8    XL:     16   Next: 99%
Magic:  16/16      EV: 35    Int: 11    God:    Makhleb [******]
Gold:   1602       SH:  0    Dex: 26    Spells: 15/15 levels left

rFire   . . .      SeeInvis .    J - +0 arbalest (elec)
rCold   . . .      Faith    .    (shield currently unavailable)
rNeg    . . .      Spirit   .    u - +3 steam dragon scales
rPois   .          Reflect  .    p - +2 helmet of Fouze {Fly}
rElec   .          Harm     .    h - +0 cloak
rCorr   .          Rampage  .    g - +0 pair of gloves
Will    ++...                    C - +0 pair of boots
Stlth   +++.......               f - amulet of regeneration
HPRegen 1.19/turn                n - ring of willpower
MPRegen 0.15/turn                c - +4 ring of protection

@: flying
A: small, no large weapons, nightstalker 3
a: Renounce Religion, Minor Destruction, Lesser Servant of Makhleb, Major
Destruction, Greater Servant of Makhleb


You were on level 2 of the Orcish Mines.
You worshipped Makhleb.
Makhleb was exalted by your worship.
You visited 3 branches of the dungeon, and saw 19 of its levels.

You collected 2006 gold pieces.
You spent 404 gold pieces at shops.

Inventory:

Hand Weapons
 k - a +7 vorpal shortbow
 J - a +0 arbalest of electrocution (weapon)
Missiles
 E - a throwing net
Armour
 g - a +0 pair of gloves (worn)
 h - a +0 cloak (worn)
 p - the +2 helmet of Fouze (worn) {Fly}
   (You found it on level 4 of the Dungeon)

   Fly:       It grants you flight.
 u - +3 steam dragon scales (worn)
 C - a +0 pair of boots (worn)
Jewellery
 c - a +4 ring of protection (right hand)
 f - an amulet of regeneration (around neck)
 n - a ring of willpower (left hand)
 y - a ring of poison resistance
 I - a ring of fire
 L - a ring of ice
Wands
 j - a wand of acid (14)
 m - a wand of iceblast (8)
 A - a wand of polymorph (5)
 H - a wand of flame (7)
Scrolls
 a - 4 scrolls of teleportation
 b - 4 scrolls of immolation
 i - 4 scrolls of magic mapping
 x - a scroll of fear
 F - 3 scrolls of poison
 K - a scroll of blinking
Potions
 d - 3 potions of ambrosia
 e - a potion of attraction
 o - a potion of cancellation {unknown}
 q - 3 potions of might {unknown}
 r - 2 potions of haste
 s - 2 potions of berserk rage {unknown}
 t - 4 potions of heal wounds
 v - 3 potions of mutation {unknown}
 w - 2 potions of degeneration {unknown}
 z - 6 potions of curing
 B - 3 potions of lignification {unknown}
 G - 2 potions of magic {unknown}


   Skills:
 + Level 19.0 Fighting
 + Level 19.3 Ranged Weapons
 + Level 19.1 Dodging
 - Level 1.3 Stealth


You had 15 spell levels left.
You didn't know any spells.
Your spell library contained the following spells:

 Spells                   Type           Power      Damage    Failure   Level
 Gell's Gravitas          Tloc           0%         N/A       71%         3
 Ignite Poison            Fire/Tmut/Pois 0%         N/A       71%         3
 Kindle Blastsparks       Fire/Tloc/Air  0%         2d10      71%         3
 Teleport Other           Tloc           0%         N/A       71%         3
 Leda's Liquefaction      Hex/Erth       0%         N/A       98%         4
 Alistair's Intoxication  Tmut/Pois      0%         N/A       100%        5
 Borgnjor's Vile Clutch   Necr/Erth      0%         N/A       100%        5
 Freezing Cloud           Conj/Ice/Air   0%         6-21      100%        5
 Lee's Rapid Deconstruct  Erth           0%         3d4*      100%        5
 Dispersal                Tloc           0%         N/A       100%        6
 Eringya's Noxious Bog    Tmut/Pois      0%         N/A       100%        6
 Statue Form              Tmut/Erth      0%         N/A       100%        6


Dungeon Overview and Level Annotations

Branches:
Dungeon (12/15)            Temple (0/1) D:7            Lair (5/5) D:9
 Shoals (0/4) Lair:3        Snake (0/4) Lair:3        Slime (0/5) Lair:4
    Orc (2/2) D:9
    Elf: Orc:2

Altars:
Dithmenos
Elyvilon
Fedhas
Kikubaaqudgha
Makhleb
Nemelex Xobeh
Qazlal
Sif Muna
Wu Jian
Yredelemnul
The Shining One

Shops:
D:2 (   D:7 :   D:9 *   D:11 *   Orc:2 :[

Annotations:
Orc:2 Rupert


Innate Abilities, Weirdness & Mutations

You are small and have problems with some larger weapons.
You are completely attuned to the shadows.


Message History

Rupert completely misses you.
Saint Roka hits you with a +2 broad axe.
You shoot a bolt. The bolt hits Saint Roka!!
Lightning courses through Saint Roka!!
You kill Saint Roka!
Makhleb accepts your kill.
Your extra speed is starting to run out.
Rupert roars madly and goes into a rage!
Rupert goes berserk!
An orc priest comes into view. It is wielding a +0 falchion.
Your Fighting skill increases to level 19!
You shoot a bolt. The bolt hits Rupert!
Rupert is lightly wounded.
Rupert closely misses you.
You shoot a bolt. The bolt hits Rupert.
Lightning courses through Rupert!
Rupert is lightly wounded.
Rupert completely misses you.
You shoot a bolt. The bolt hits Rupert!!
Rupert is moderately wounded.
Rupert closely misses you.
You shoot a bolt. The bolt closely misses Rupert.
The bolt barely misses the orc priest.
Rupert completely misses you.
You shoot a bolt. The bolt hits Rupert!
Lightning courses through Rupert!!
Rupert is heavily wounded.
Rupert hits you with a +5 great sword of flaming!!
Rupert burns you!
You shoot a bolt. The bolt barely misses Rupert.
Rupert barely misses you. The orc priest completely misses you.
You shoot a bolt. The bolt hits Rupert!!
Rupert is heavily wounded.
Rupert hits you with a +5 great sword of flaming!!!
* * * LOW HITPOINT WARNING * * *
Rupert burns you!
* * * LOW HITPOINT WARNING * * *
You shoot a bolt. The bolt hits Rupert!
Rupert is severely wounded.
You feel yourself slow down. The orc priest misses you.
Rupert hits you with a +5 great sword of flaming!!
You die...

...# ##..... #####.
#.....#
#.[##..##.)...#
'..#...#......##...#
#).#...).)...##.....#
####........##...8...
####.8...8..)8.......
...'.........).o._...
####.8...8...8.@@....
####........##...8...
#.)#.........##.....#
'..#...#.... ##...##
#..# ##### #### ...#
##.# (#.#


You could see Rupert (berserk) and an orc priest.

Vanquished Creatures
  Saint Roka (Orc:2)
  An orc warlord (D:9)
  A fire dragon (Lair:5)
  Fannar (Orc:1)
  A catoblepas (Lair:1)
  6 hydras
  Erolcha (Orc:1)
  8 two-headed ogres
  7 death yaks
  Urug (Lair:2)
  Lodul (D:12)
  Sonja (D:10)
  A flayed ghost (D:10)
  A swamp dragon (Lair:5)
  3 orc knights (Orc:2)
  A deep elf pyromancer (D:12)
  2 orc sorcerers (Orc:2)
  2 cyclopes
  An elephant (Lair:2)
  7 black mambas
  A torpor snail (Lair:3)
  2 gargoyles
  11 cane toads
  Maggie (D:10)
  5 rime drakes
  2 kobold demonologists (D:11)
  9 komodo dragons
  7 trolls
  2 slime creatures (D:12)
  10 blink frogs
  13 polar bears
  4 raiju (Lair:5)
  A snapping turtle (Lair:3)
  5 dream sheep (Lair:5)
  2 centaur simulacra (D:11)
  4 shadows
  3 wyverns
  2 wraiths (D:10)
  A vampire (D:12)
  4 basilisks
  3 steam dragons
  57 yaks
  9 vampire mosquitoes
  7 wargs
  A naga (Lair:3)
  4 acid dragons
  13 hell hounds (Lair:5)
  22 water moccasins
  3 swamp drakes (Lair:5)
  28 orc warriors
  16 black bears
  2 ice beasts
  4 sky beasts
  19 ogres
  33 wolves
  4 centaurs
  3 phantoms
  5 kobold brigands
  12 bullfrogs
  3 gnoll sergeants
  3 scorpions
  6 wights
  16 killer bees
  7 howler monkeys
  2 vampire bats (Lair:5)
  4 electric eels
  A jelly (D:7)
  3 gnoll boudas
  12 orc priests
  2 hounds
  4 iguanas
  17 orc wizards
  10 adders
  23 gnolls
  2 river rats (D:3)
  A shadow imp (D:8)
  3 white imps
  5 ufetubi
  A worm (D:3)
  2 dart slugs
  88 orcs
  10 bats
  6 endoplasms (D:1)
  4 giant cockroaches
  7 goblins
  10 hobgoblins
  5 jackals
  2 quokkas
  7 ball pythons
  25 kobolds
  8 rats
681 creatures vanquished.

Vanquished Creatures (others)
  65 fungi
  86 plants
151 creatures vanquished.

Grand Total: 832 creatures vanquished

Notes
Turn   | Place    | Note
-------+----------+-------------------------------------------
     0 | D:1      | HoaS the Kobold Hunter began the quest for the Orb.
     0 | D:1      | Reached XP level 1. HP: 12/12 MP: 1/1
    63 | D:1      | Reached XP level 2. HP: 14/17 MP: 2/2
   172 | D:1      | Reached XP level 3. HP: 18/21 MP: 3/3
   508 | D:1      | Reached XP level 4. HP: 13/26 MP: 4/4
   910 | D:2      | Found Riumanwao's Antique Weapon Emporium.
  1235 | D:2      | Bought a glowing shortbow for 132 gold pieces
  1888 | D:3      | Noticed a centaur
  2089 | D:3      | Reached XP level 5. HP: 30/30 MP: 5/5
  2574 | D:4      | Reached XP level 6. HP: 34/35 MP: 6/6
  2614 | D:4      | Noticed a black bear
  2617 | D:4      | Killed a black bear
  2618 | D:4      | Identified the +2 helmet of Fouze {Fly}
  3037 | D:4      | Reached skill level 10 in Ranged Weapons
  3334 | D:3      | Reached XP level 7. HP: 40/40 MP: 7/7
  3358 | D:5      | Entered Level 5 of the Dungeon
  3622 | D:5      | Reached XP level 8. HP: 44/44 MP: 8/8
  3724 | D:5      | Found a shadowy altar of Dithmenos.
  3729 | D:5      | Found a faded altar of an unknown god.
  3731 | D:5      | Found a burning altar of Makhleb.
  3732 | D:5      | Found a white marble altar of Elyvilon.
  3737 | D:5      | Found a faded altar of an unknown god.
  3825 | D:5      | Became a worshipper of Makhleb the Destroyer
  4586 | D:6      | Reached XP level 9. HP: 48/48 MP: 9/9
  4685 | D:6      | Reached skill level 15 in Ranged Weapons
  4973 | D:6      | Reached * piety under Makhleb
  5286 | D:7      | Found a staircase to the Ecumenical Temple.
  5484 | D:7      | Found a blossoming altar of Fedhas.
  5527 | D:7      | Found a stormy altar of Qazlal.
  5706 | D:7      | Found Ihazof's Book Shop.
  5799 | D:7      | Found a sparkling altar of Nemelex Xobeh.
  6111 | D:8      | Reached skill level 5 in Dodging
  6111 | D:8      | Reached XP level 10. HP: 54/58 MP: 10/10
  6230 | D:8      | Reached skill level 5 in Fighting
  6290 | D:8      | Found a glowing golden altar of the Shining One.
  6290 | D:8      | Found a shimmering blue altar of Sif Muna.
  6699 | D:8      | Reached ** piety under Makhleb
  7071 | D:9      | Reached XP level 11. HP: 62/68 MP: 11/11
  7143 | D:9      | Found a staircase to the Orcish Mines.
  7286 | D:9      | Reached *** piety under Makhleb
  7315 | D:9      | You are sucked into a shaft and drop 2 floors!
  7393 | D:11     | Reached skill level 10 in Dodging
  7415 | D:11     | Found an ornate altar of the Wu Jian Council.
  7487 | D:10     | Entered Level 10 of the Dungeon
  7550 | D:10     | Noticed a two-headed ogre
  7557 | D:10     | Killed a two-headed ogre
  7683 | D:9      | Reached skill level 10 in Fighting
  7938 | D:9      | Found Ovvuull's General Store.
  7948 | D:9      | Bought a +0 pair of boots for 54 gold pieces
  7948 | D:9      | Bought a scroll of identify for 24 gold pieces
  8160 | D:9      | Found a staircase to the Lair.
  8332 | Lair:1   | Entered Level 1 of the Lair of Beasts
  8371 | Lair:1   | Identified the +1 scale mail "Baoroaza" {Harm rC+}
  8438 | Lair:1   | Reached **** piety under Makhleb
  8621 | Lair:1   | Reached XP level 12. HP: 79/79 MP: 12/12
  8964 | Lair:1   | Noticed a catoblepas
  9050 | Lair:1   | Noticed a death yak
  9095 | Lair:1   | Noticed a death yak
  9098 | Lair:1   | Killed a death yak
  9102 | Lair:1   | Noticed a death yak
  9110 | Lair:1   | Killed a death yak
  9124 | Lair:1   | Killed a death yak
  9288 | Lair:1   | Reached XP level 13. HP: 91/91 MP: 13/13
  9332 | Lair:2   | Noticed an eight-headed hydra
  9341 | Lair:2   | Killed an eight-headed hydra
  9417 | Lair:2   | Noticed Urug
  9429 | Lair:2   | Killed Urug
  9430 | Lair:2   | Reached skill level 15 in Fighting
  9449 | Lair:2   | Noticed a four-headed hydra
  9578 | Lair:2   | Identified the +3 rapier of the Evening {venom, rN+}
  9748 | Lair:2   | Identified the +5 ring mail of Doixtaps {rF- rN+ Will+}
  9812 | Lair:2   | Reached ***** piety under Makhleb
  9865 | Lair:2   | Killed a four-headed hydra
 10567 | Lair:1   | Killed a catoblepas
 10765 | Lair:3   | Reached XP level 14. HP: 99/99 MP: 14/14
 11018 | Lair:3   | Reached skill level 15 in Dodging
 11020 | Lair:3   | Found a staircase to the Snake Pit.
 11366 | Lair:3   | Found a white marble altar of Elyvilon.
 11417 | Lair:3   | Found a staircase to the Shoals.
 12323 | Lair:4   | Found a staircase to the Slime Pits.
 12632 | Lair:5   | Entered Level 5 of the Lair of Beasts
 12956 | Lair:5   | Reached XP level 15. HP: 104/107 MP: 15/15
 13605 | Lair:5   | Reached ****** piety under Makhleb
 13736 | Lair:5   | Reached XP level 16. HP: 114/114 MP: 16/16
 14622 | D:10     | Noticed Maggie
 14628 | D:10     | Killed Maggie
 14696 | D:10     | Found a transporter.
 14715 | D:10     | Found a transporter.
 14721 | D:10     | Found an ancient bone altar of Kikubaaqudgha.
 14725 | D:10     | Found a basalt altar of Yredelemnul.
 15049 | D:10     | Noticed Sonja
 15055 | D:10     | Killed Sonja
 15499 | D:11     | Identified the +4 plate armour of the Desolation of Salt
                  | {Will- Int+7 SInv}
 15940 | D:11     | Found Ewafuwk's General Store.
 15945 | D:11     | Bought a scroll of enchant armour for 97 gold pieces
 15945 | D:11     | Bought a scroll of blinking for 97 gold pieces
 16422 | D:12     | Noticed Lodul
 16438 | D:12     | Killed Lodul
 17727 | Orc:1    | Entered Level 1 of the Orcish Mines
 17978 | Orc:1    | Noticed Erolcha
 17987 | Orc:1    | Killed Erolcha
 18127 | Orc:1    | Noticed Fannar
 18202 | Orc:1    | Killed Fannar
 18247 | Orc:2    | Entered Level 2 of the Orcish Mines
 18533 | Orc:2    | Found Lohaipoh's Book Emporium.
 18553 | Orc:2    | Found Geux's Antique Armour Shoppe.
 19087 | Orc:2    | Noticed Saint Roka
 19104 | Orc:2    | Noticed Rupert
 19118 | Orc:2    | Killed Saint Roka
 19125 | Orc:2    | HP: 3/116 [Rupert/+5 great sword of flaming (8)]
 19126 | Orc:2    | Demolished by Rupert

Illustrated notes

Levels and vault maps discovered:
D:1:      dpeg_arrival_simpleton_a, layout_rooms, minmay_octomino_c4
D:2:      layout_loops_ring, serial_shops, shop
D:3:      layout_loops_cross, portal_sewer_entry_e
D:4:      layout_basic, serial_glass, glass_columns_b, glass_columns_a,
          glass_columns_b, glass_columns_c, glass_columns_a, glass_columns_b
D:5:      layout_loops_cross, chequers_temple_overflow_minitemple
D:6:      layout_loops_ring
D:7:      layout_basic, grunt_temple_overflow_forces_of_nature,
          kennysheep_mini_moat, minmay_temple_entry_statues_pillars,
          serial_shops, nicolae_shop_statue_plus, hangedman_decor_opposing
D:8:      layout_basic, nicolae_overflow_squiral
D:9:      layout_long_grid, due_lair_maze_entry_diamond, david_orc_2,
          serial_shops, shop, kennysheep_generic_room_7
D:10:     layout_roguey, gammafunk_temple_of_torment, minmay_fountain_box,
          uniq_sonja, uniq_maggie
D:11:     layout_cave_pods, serial_ice, serial_ice_a, serial_ice_o,
          serial_ice_f, serial_ice_i, portal_ice_cave_rime, serial_shops, shop,
          minmay_tree_intersection, nzn_wu_jian_contemplation
D:12:     layout_stronghold, uniq_lodul
Lair:1:   layout_regular_city
Lair:2:   nzn_winding_woodlands_stair_trap
          [nzn_winding_woodlands_5x15_river_crossing,
          nzn_winding_woodlands_5x15_concentric,
          nzn_winding_woodlands_5x15_jagged,
          nzn_winding_woodlands_15x15_boxy_spiral,
          nzn_winding_woodlands_5x15_zeroes, nzn_winding_woodlands_5x15_cabin,
          nzn_winding_woodlands_5x15_default], layout_hall_layers, uniq_urug
Lair:3:   layout_regular_city, minmay_shoals_entry_hut,
          guppyfry_snake_entry_island, basic_altar, serial_bayou_ford_a,
          grunt_megastairs_4
Lair:4:   layout_roguey, minmay_slime_entry_oklob_enclosed,
          chequers_serial_rivers_large_a
Lair:5:   guppyfry_lair_end_dragon, layout_regular_city,
          hangedman_lair_caniforms_friends, chequers_serial_rivers_room_a,
          roderic_batcave, serial_bayou_shore_a, grunt_megastairs_2
Orc:1:    layout_caves, uniq_jorgrun, uniq_fannar, uniq_erolcha
Orc:2:    pubby_orc_utopia, uniq_rupert

Skill      XL: |  1  2  3  4  5  6  7  8  9 10 11 12 13 14 15 16 |
---------------+-------------------------------------------------+-----
Ranged Weapons | 6 7 9 10 12 14 16 17 19 | 19.3
Dodging        | 5 9 11 13 14 16 17 19 | 19.1
Fighting       | 4 8 10 14 15 17 19 | 19.0
Stealth        | |  1.3

Action                   |  1- 3 |  4- 6 |  7- 9 | 10-12 | 13-15 | 16-18 || total
-------------------------+-------+-------+-------+-------+-------+-------++-------
 Fire: Shortbow          |    96 |    98 |   242 |   499 |   744 |   496 ||  2175
       Arbalest          |       |       |       |       |       |   283 ||   283
Evoke: Wand              |       |     1 |       |     2 |       |       ||     3
  Use: Scroll            |       |     5 |    11 |     7 |     2 |     7 ||    32
       Potion            |       |       |       |     1 |     2 |     3 ||     6
Armor: Leather armour    |    23 |     9 |    18 |     8 |       |       ||    58
       Steam dragon scal |       |       |       |    57 |    68 |    42 ||   167
Dodge: Dodged            |    60 |    38 |    72 |   418 |   520 |   463 ||  1571

Table legend: (Time is in decaauts)
 A = Elapsed time spent in this place.
 B = Non-inter-level travel time spent in this place.
 C = Inter-level travel time spent in this place.
 D = Time resting spent in this place.
 E = Time spent auto-exploring this place.
 F = Levels seen in this place.
 G = Mean time per level.
                   A        B        C        D        E       F      G
               +--------+--------+--------+--------+--------+-----+--------+
         Total |  18627 |  17618 |   1009 |   1028 |  13317 |  19 |  980.4 |
       Dungeon |  11476 |  10933 |    543 |    770 |   8414 |  12 |  956.3 |
          Lair |   5927 |   5470 |    457 |    197 |   4137 |   5 | 1185.4 |
  Orcish Mines |   1223 |   1216 |      7 |     60 |    766 |   2 |  611.5 |
               +--------+--------+--------+--------+--------+-----+--------+

Top non-repeatable levels by time:
  Lair:5: 1547 daAuts
    D:12: 1290 daAuts
  Lair:2: 1267 daAuts
     D:9: 1119 daAuts
    D:11: 1069 daAuts
  Lair:1: 1066 daAuts
  Lair:4: 1051 daAuts
  Lair:3: 995 daAuts
     D:8: 987 daAuts
     D:6: 960 daAuts
    D:10: 950 daAuts
     D:5: 900 daAuts
     D:1: 890 daAuts
     D:3: 885 daAuts
   Orc:2: 859 daAuts
